 Dungeon Crawl Stone Soup version 0.27-a0-1181-g5f64966fcc (webtiles) character file.

Game seed: 5347656359117908312

8535 Vomitron the Grappler (level 11, -6/172 HPs)
             Began as a Troll Monk on May 17, 2021.
             Was a High Priest of Okawaru.
             Mangled by a yaktaur (12 damage)
             ... on level 10 of the Dungeon.
             The game lasted 00:10:30 (7575 turns).

Vomitron the Grappler (Troll Monk)                  Turns: 7575, Time: 00:10:32

Health: -6/172     AC: 25    Str: 21    XL:     11   Next: 11%
Magic:  0/14       EV:  1    Int:  6    God:    Okawaru [*****.]
Gold:   559        SH:  0    Dex: 15    Spells: 10/10 levels left

rFire    . . .     SeeInvis .     - Unarmed
rCold    + . .     Faith    .   (no shield)
rNeg     + + +     Spirit   +   (armour currently unavailable)
rPois    +         Reflect  .   (helmet currently unavailable)
rElec    .         Harm     .   (cloak currently unavailable)
rCorr    .         Rampage  .   (gloves unavailable)
Will     .....     NoTele   +   (boots unavailable)
Stlth    ++........             B - amulet of guardian spirit
HPRegen  1.38/turn              y - +4 ring of evasion
MPRegen  0.14/turn              r - ring "Hoys" {rPois rC+ EV+4}

@: tree-form, studying Fighting
A: stationary, stasis, torment immunity, boosted hp, large, unfitting armour,
(claws 3), regeneration 1, (shaggy fur 1), (tough skin 1)
a: Renounce Religion, Heroism, Finesse


You were on level 10 of the Dungeon.
You worshipped Okawaru.
Okawaru was extremely pleased with you.
You were a tree.
You visited 1 branch of the dungeon, and saw 10 of its levels.

You collected 559 gold pieces.

Inventory:

Missiles
 i - 32 poisoned darts (quivered)
 A - a curare-tipped dart
Armour
 a - a +1 robe
 q - a scarf of resistance (melded)
 u - a scarf of repulsion
 w - a +0 cloak
 x - +0 steam dragon scales (melded)
 E - a +1 hat of stealth (melded)
Jewellery
 p - a +6 ring of strength
 r - the ring "Hoys" (right branch) {rPois rC+ EV+4}
   (You found it on level 7 of the Dungeon)

   [ring of evasion]

   It affects your evasion (+4).
   It protects you from cold.
   It protects you from poison.
 y - a +4 ring of evasion (left branch)
 B - an amulet of guardian spirit (around neck)
 D - a ring of positive energy
 F - a ring of protection from cold
Wands
 n - a wand of flame (12)
 o - a wand of polymorph (3)
Scrolls
 b - 4 scrolls of enchant weapon
 e - 2 scrolls of enchant armour
 f - 6 scrolls of teleportation
 h - a scroll of amnesia
 j - a scroll of fog
 m - a scroll of holy word {unknown}
 C - a scroll of identify
 G - a scroll of acquirement
Potions
 c - a potion of berserk rage {unknown}
 d - 4 potions of brilliance
 g - 2 potions of invisibility
 k - 3 potions of curing
 l - a potion of magic {unknown}
 s - a potion of lignification
 t - a potion of ambrosia {unknown}
 v - 2 potions of attraction {unknown}
 z - a potion of flight {unknown}


   Skills:
 + Level 9.0 Fighting
 + Level 7.2 Dodging
 - Level 1.0 Stealth
 * Level 11.6 Unarmed Combat
 + Level 5.8 Invocations


You had 10 spell levels left.
You didn't know any spells.
Your spell library contained the following spells:

 Spells                   Type           Power      Damage    Failure   Level
 Beastly Appendage        Tmut           0%         N/A       45%         1
 Sandblast                Erth           0%         2d4       45%         1
 Shock                    Conj/Air       0%         1d3       45%         1
 Passwall                 Tmut/Erth      0%         N/A       58%         2
 Static Discharge         Conj/Air       0%         N/A       58%         2
 Wereblood                Tmut           0%         N/A       58%         2
 Spider Form              Tmut/Pois      0%         N/A       83%         3
 Stone Arrow              Conj/Erth      0%         3d7       83%         3
 Swiftness                Air            0%         N/A       83%         3
 Airstrike                Air            0%         N/A       99%         4
 Ice Form                 Ice/Tmut       0%         N/A       99%         4
 Petrify                  Tmut/Erth      0%         N/A       99%         4
 Hydra Form               Tmut           0%         N/A       100%        5
 Lee's Rapid Deconstruct  Erth           0%         3d5*      100%        5
 Lightning Bolt           Conj/Air       0%         1d11      100%        5


Dungeon Overview and Level Annotations

Branches:
Dungeon (10/15)            Temple (0/1) D:7
   Lair: D:8-11         Orc: D:9-12

Altars:
Dithmenos
Fedhas
Hepliaklqana
Okawaru
Uskayaw
Xom

Shops:
D:7 =

Annotations:
D:10 Sonja


Innate Abilities, Weirdness & Mutations

You are a tree.
Your roots penetrate the ground, keeping you stationary.
You cannot be teleported.
You are immune to unholy pain and torment.
Your maximum health is greatly increased.
Your equipment is partially melded.
You are too large for most types of armour.
((You have claws for hands.))
Your natural rate of healing is unusually fast.
((You are covered in fur. (AC +1)))
((You have tough skin. (AC +1)))


Message History

Your Fighting skill increases to level 9!
Unknown command.
You completely miss Sonja.
Sonja is severely wounded.
Sonja disappears!
The yaktaur shoots a bolt.
The bolt barely misses you.
Unknown command.
The shadow strikes at you from the darkness!
Reactivating autopickup.
You completely miss the shadow. You claw the shadow!
The shadow is heavily damaged.
You mangle the shadow!!
You destroy the shadow!
Okawaru accepts your kill.
The yaktaur shoots a bolt.
The bolt barely misses you.
The yaktaur shoots a bolt.
The bolt barely misses you.
The yaktaur shoots a bolt.
The bolt barely misses you.
The yaktaur shoots a bolt.
The bolt hits you!!
* * * LOW HITPOINT WARNING * * *
The bolt burns you.
* * * LOW HITPOINT WARNING * * *
The yaktaur unwields a +0 arbalest.
The yaktaur hits you.
* * * LOW HITPOINT WARNING * * *
Things that are here:
a +0 arbalest; 17 bolts; 2 poisoned darts Unknown command.
The yaktaur unwields a +0 arbalest.
The yaktaur hits you!
* * * LOW HITPOINT WARNING * * *
The yaktaur unwields a +2 arbalest of flaming.
It stops flaming.
The yaktaur misses you. The yaktaur hits you!
* * * LOW HITPOINT WARNING * * *
Unknown command.
Unknown command.
Unknown command.
It was a potion of lignification.
You turn into a tree.
Your scarf of resistance melds into your body.
Your +1 hat of stealth melds into your body.
Your +0 steam dragon scales melds into your body.
You feel hot and cold all over.
You feel less stealthy.
Your roots penetrate the ground.
The yaktaur hits you!
You die...

#. #. ......#....#... ..#.#
####.........#.#.. #...
##..#..?#....(.....
##..##..................
#....#.......##........#
.......#.....(.#.##........
......###.#.......#........
.....#.#.#)c...............
.........c♣.>..............
..........c................
...........................
...........................
.....(...................
.........................
........................
......(.................
........................


You could see 3 yaktaurs.

Vanquished Creatures
  Pikel (D:3)
  A yaktaur (D:10)
  2 trolls
  A shadow (D:10)
  A wyvern (D:9)
  16 yaks
  2 steam dragons
  Menkaure (D:4)
  2 water moccasins
  An acid dragon (D:10)
  An ice beast (D:5)
  5 orc warriors
  2 black bears
  2 sky beasts
  A necrophage (D:7)
  2 ogres
  2 phantoms (D:5)
  2 centaurs (D:9)
  2 kobold brigands (D:8)
  5 bullfrogs
  2 scorpions
  3 gnoll sergeants
  A water moccasin zombie (D:5)
  6 howler monkeys
  4 centaur zombies
  3 centaur skeletons
  A gnoll shaman (D:5)
  A jelly (D:8)
  8 orc priests
  A hound (D:5)
  Crazy Yiuf (D:7)
  3 iguanas
  Natasha (thrice) (D:4)
  7 orc wizards
  8 adders
  21 gnolls
  2 white imps
  An adder skeleton (D:4)
  2 worms (D:4)
  A dart slug (D:2)
  31 orcs
  7 endoplasms
  3 giant cockroaches
  5 goblins
  8 hobgoblins
  6 jackals
  8 kobolds
  4 quokkas
  7 ball pythons
  7 bats
  9 rats
226 creatures vanquished.

Vanquished Creatures (others)
  3 withered plants (D:3)
3 creatures vanquished.

Grand Total: 229 creatures vanquished

Notes
Turn   | Place    | Note
-------+----------+-------------------------------------------
     0 | D:1      | Vomitron the Troll Monk began the quest for the Orb.
     0 | D:1      | Reached XP level 1. HP: 22/22 MP: 0/0
   172 | D:1      | Reached XP level 2. HP: 29/29 MP: 1/1
   947 | D:2      | Reached XP level 3. HP: 36/36 MP: 2/2
  1321 | D:2      | Reached skill level 4 in Unarmed Combat
  1455 | D:3      | Reached XP level 4. HP: 29/44 MP: 3/3
  1583 | D:3      | Found a faded altar of an unknown god.
  2046 | D:4      | Noticed an ogre
  2052 | D:4      | HP: 2/45 [ogre/+0 giant spiked club (24)]
  2057 | D:4      | Killed an ogre
  2058 | D:4      | Reached XP level 5. HP: 9/53 MP: 4/4
  2067 | D:4      | Noticed a lemure
  2106 | D:4      | Noticed a lemure
  2107 | D:4      | Noticed a lemure
  2107 | D:4      | Noticed a lemure
  2108 | D:4      | Noticed Pikel
  2211 | D:3      | Killed Pikel
  2212 | D:3      | Reached skill level 6 in Unarmed Combat
  2212 | D:3      | Reached XP level 6. HP: 16/62 MP: 5/5
  2212 | D:3      | Reached XP level 7. HP: 18/70 MP: 6/6
  2307 | D:4      | Noticed Menkaure
  2605 | D:4      | Killed Menkaure
  2685 | D:4      | Reached skill level 7 in Unarmed Combat
  2762 | D:4      | Noticed Natasha
  2775 | D:4      | Killed Natasha
  2793 | D:4      | Found an iron altar of Okawaru.
  2809 | D:4      | Reached XP level 8. HP: 77/79 MP: 7/7
  2816 | D:4      | Became a worshipper of Warmaster Okawaru
  2816 | D:4      | Reached * piety under Okawaru
  2816 | D:4      | Reached ** piety under Okawaru
  2897 | D:4      | Noticed Natasha
  2900 | D:4      | Killed Natasha
  2988 | D:4      | Noticed Natasha
  2994 | D:4      | Killed Natasha
  3210 | D:5      | Entered Level 5 of the Dungeon
  3344 | D:5      | Reached skill level 1 in Invocations
  3357 | D:5      | Identified a scroll of acquirement
  3357 | D:5      | Acquired a manual of Fighting
  3431 | D:5      | Reached skill level 5 in Fighting
  3504 | D:5      | Reached skill level 5 in Dodging
  3504 | D:5      | Reached skill level 8 in Unarmed Combat
  3642 | D:5      | Found a shimmering altar of Xom.
  3682 | D:5      | Reached *** piety under Okawaru
  3972 | D:5      | Reached XP level 9. HP: 86/89 MP: 9/9
  4342 | D:6      | Found a hide-covered altar of Uskayaw.
  4346 | D:6      | Found a shadowy altar of Dithmenos.
  4346 | D:6      | Found a hazy altar of Hepliaklqana.
  4353 | D:6      | Found a blossoming altar of Fedhas.
  4472 | D:6      | Reached skill level 9 in Unarmed Combat
  4891 | D:7      | Found a staircase to the Ecumenical Temple.
  4935 | D:7      | Found Bautham's Jewellery Shoppe.
  5005 | D:7      | Identified the ring "Hoys" {rPois rC+ EV+4}
  5054 | D:7      | Reached **** piety under Okawaru
  5334 | D:7      | Found a runed translucent door.
  5335 | D:7      | Noticed Crazy Yiuf
  5591 | D:7      | Killed Crazy Yiuf
  5961 | D:8      | Reached skill level 10 in Unarmed Combat
  6022 | D:8      | Reached XP level 10. HP: 99/102 MP: 12/12
  6401 | D:8      | Received a gift from Okawaru
  6424 | D:8      | Reached ***** piety under Okawaru
  6742 | D:9      | Reached skill level 5 in Invocations
  6819 | D:9      | Received a gift from Okawaru
  6828 | D:9      | Reached skill level 11 in Unarmed Combat
  7405 | D:10     | Entered Level 10 of the Dungeon
  7423 | D:10     | Reached XP level 11. HP: 113/113 MP: 14/14
  7503 | D:10     | Noticed Sonja
  7574 | D:10     | HP: 3/115 [yaktaur (8)]
  7575 | D:10     | Mangled by a yaktaur

Illustrated notes

Levels and vault maps discovered:
D:1:      dpeg_arrival_ternary, layout_loops_corners
D:2:      layout_basic
D:3:      layout_rooms, ebering_ecumenical_altar_petrified, serial_bayou,
          serial_bayou_crossing, serial_bayou_pond_a, serial_bayou_pond_d,
          serial_bayou_ford_a, chequers_serial_rivers_micro_d,
          ebering_dispersal_statue_hall
D:4:      layout_basic, okawaru_trees_2, uniq_pikel, uniq_natasha, uniq_menkaure
D:5:      layout_loops_ring, old_standard_altar, minivault_24
D:6:      layout_basic, minitemple, minmay_fountain_box
D:7:      layout_basic, minmay_temple_entry_overgrown, serial_shops, shop,
          uniq_crazy_yiuf_cottage
D:8:      layout_rooms, minivault_5, lemuel_another_geyser
D:9:      layout_gridville, dk_noncrumbling_3
D:10:     layout_cross, uniq_sonja

Skill      XL: |  1  2  3  4  5  6  7  8  9 10 11 |
---------------+----------------------------------+-----
Unarmed Combat | 4 6 7 8 10 11 | 11.6
Fighting       | 3 4 5 7 8 9 |  9.0
Dodging        | 3 4 5 6 7 |  7.2
Invocations    | 2 4 5 |  5.8
Stealth        | |  1.0

Action                   |  1- 3 |  4- 6 |  7- 9 | 10-12 || total
-------------------------+-------+-------+-------+-------++-------
Melee: Unarmed           |   112 |    73 |   344 |   202 ||   731
       Punch             |     1 |     2 |    14 |    16 ||    33
Throw: Dart              |       |       |       |    10 ||    10
  Use: Potion            |       |     1 |       |     1 ||     2
       Scroll            |       |       |    10 |       ||    10
 Stab: Sleeping          |     4 |     1 |     7 |       ||    12
       Distracted        |     1 |       |     1 |     1 ||     3
Armor: Robe              |    33 |    10 |    68 |       ||   111
       Steam dragon scal |       |       |    20 |    43 ||    63
Dodge: Dodged            |    46 |    23 |   255 |   211 ||   535

Table legend: (Time is in decaauts)
 A = Elapsed time spent in this place.
 B = Non-inter-level travel time spent in this place.
 C = Inter-level travel time spent in this place.
 D = Time resting spent in this place.
 E = Time spent auto-exploring this place.
 F = Levels seen in this place.
 G = Mean time per level.
                   A        B        C        D        E       F      G
               +--------+--------+--------+--------+--------+-----+--------+
         Total |   7489 |   7156 |    333 |    564 |   5122 |  10 |  748.9 |
       Dungeon |   7489 |   7156 |    333 |    564 |   5122 |  10 |  748.9 |
               +--------+--------+--------+--------+--------+-----+--------+

Top non-repeatable levels by time:
     D:3: 1024 daAuts
     D:7: 991 daAuts
     D:4: 885 daAuts
     D:1: 883 daAuts
     D:9: 758 daAuts
     D:8: 758 daAuts
     D:6: 755 daAuts
     D:5: 742 daAuts
     D:2: 527 daAuts
    D:10: 161 daAuts
